 Dungeon Crawl Stone Soup version 0.24.0-35-gdb84b6a5db (webtiles) character file.

Game seed: 7981828824002388544, levelgen mode: deterministic

61 Emblim88 the Scratcher (level 3, -2/15 HPs)
             Began as a Felid Transmuter on Nov 18, 2019.
             Slain by an adder (4 damage)
             ... on level 2 of the Dungeon.
             The game lasted 00:09:22 (2241 turns).

Emblim88 the Scratcher (Felid Transmuter)           Turns: 2241, Time: 00:09:23

Health: -2/15      AC:  1    Str:  6    XL:     3   Next: 83%
Magic:  3/7        EV: 18    Int: 14    God:
Gold:   106        SH:  0    Dex: 17    Spells: 3/6 levels left
                                        Lives:  0   Deaths: 0

rFire    . . .     SeeInvis +     - Unarmed
rCold    . . .     Gourm    .   (shield unavailable)
rNeg     . . .     Faith    .   (armour unavailable)
rPois    .         Spirit   .   (helmet unavailable)
rElec    .         Reflect  .   (cloak unavailable)
rCorr    .         Harm     .   (gloves unavailable)
MR       .....                  (boots unavailable)
Stlth    +++.......             (no amulet)
HPRegen  0.05/turn              (no ring)
MPRegen  0.10/turn              (no ring)

@: lethally poisoned (-2 -> -11), appendage, very slightly contaminated, quick
A: very small, no armour, no weapons or thrown items, stealth, claws 1, fangs 3,
horns 2, see invisible, carnivore, speed 1, shaggy fur 1, slow metabolism 1,
sharp paws
a: End Transformation


You were on level 2 of the Dungeon.
You were very full.
You had grown temporary horns.
You visited 1 branch of the dungeon, and saw 3 of its levels.

You collected 106 gold pieces.

Inventory:

Missiles
 a - 30 arrows
Jewellery
 k - an uncursed ring of magical power {unknown}
Scrolls
 b - 2 scrolls of fear {unknown}
 d - 2 scrolls of teleportation {unknown}
 e - 4 scrolls of identify {unknown}
 f - a scroll of random uselessness {unknown}
 g - a scroll of enchant weapon {unknown}
 h - a scroll of remove curse {unknown}
Potions
 i - a potion of flight {unknown}
Comestibles
 c - 4 rations
 j - 5 chunks of flesh


   Skills:
 + Level 1.5 Fighting
 + Level 3.2 Dodging
 * Level 2.6 Stealth
 + Level 3.2 Unarmed Combat
 + Level 2.3 Spellcasting
 + Level 2.6 Transmutations


You had 3 spell levels left.
You knew the following spells:

 Your Spells              Type           Power        Failure   Level  Hunger
a - Beastly Appendage     Tmut           #.....       8%          1    #......
b - Sticks to Snakes      Tmut           #.......     12%         2    ###....

Your spell library contained the following spells:

 Spells                   Type           Power        Failure   Level  Hunger
 Spider Form              Tmut/Pois      #.........   36%         3    ###....
 Ice Form                 Ice/Tmut       #.......     78%         4    #####..
 Blade Hands              Tmut           #.........   91%         5    ######.


Dungeon Overview and Level Annotations

Branches:
Dungeon (3/15)

Altars:


Innate Abilities, Weirdness & Mutations

You cannot wear armour.
You are incapable of wielding weapons or throwing items.
Your paws allow you to move quietly. (Stealth)
You have sharp claws.
You have razor-sharp teeth.
You have supernaturally acute eyesight. (SInv)
You are carnivorous and can eat meat at any time.
You cover ground quickly.
You are covered in fur. (AC +1)
You have a slow metabolism.
Your sharp claws are effective at attacking unaware monsters.
You have a pair of horns on your head.


Message History

The adder bites you.
You feel sick. The adder bites you.
You are lethally poisoned!
The adder poisons you!
There is a stone staircase leading up here.
The adder bites you.
You climb upwards.
* * * LOW HITPOINT WARNING * * *
You feel sick.
There is a stone staircase leading down here.
* * * LOW HITPOINT WARNING * * *
You feel sick. The adder closely misses you.
* * * LOW HITPOINT WARNING * * *
You feel sick.
Casting: Sticks to Snakes (safe; 12% risk of failure)
Confirm with . or Enter, or press ? or * to list all spells.
You grow a pair of large bovine horns.
* * * LOW HITPOINT WARNING * * *
You feel sick. The adder bites you.
You die...

#.##.# #.######### #.# #.##.#
#.........######.# #.##.#
#.#...............
#.##.########.#.######........
#.##.#........#.# #.........
#.##.#....รท...#.# ###.........
#.##.#........#.# #...######..
#.##.#........#.# #..(.)(.....
#.##.########@#.###..)######..
#.##.# #..S.....+.......(...
#.##.# #.##)#.###...######..
#.##.# #>...................
###.##.########.#.############..
#....).<........#.## ###
#######...####.....# #...#
#.....############# #...#
#......##...##.....


You could see an adder.

Vanquished Creatures
  2 adders (D:2)
  A worm (D:2)
  A dart slug (D:1)
  8 bats
  2 giant cockroaches
  4 goblins
  3 hobgoblins
  A quokka (D:2)
  A frilled lizard (D:2)
  2 kobolds
  5 rats
30 creatures vanquished.

Vanquished Creatures (collateral kills)
  An adder (D:2)
  A ball python (D:2)
  3 goblins (D:2)
  A hobgoblin (D:2)
  A frilled lizard (D:2)
  A rat (D:2)
8 creatures vanquished.

Grand Total: 38 creatures vanquished

Notes
Turn   | Place    | Note
-------+----------+-------------------------------------------
     0 | D:1      | Emblim88 the Felid Transmuter began the quest for the Orb.
     0 | D:1      | Reached XP level 1. HP: 9/9 MP: 4/4
   148 | D:1      | Reached skill level 1 in Stealth
   231 | D:1      | Reached XP level 2. HP: 12/12 MP: 4/6
   237 | D:1      | Learned a level 2 spell: Sticks to Snakes
  1155 | D:2      | Reached XP level 3. HP: 6/15 MP: 7/7
  2241 | D:2      | Slain by an adder

Levels and vault maps discovered:
D:1:      co_arrival_hexagon_in_a_hexagon, layout_basic, minmay_pentomino_r2
D:2:      layout_basic, first_ration
D:3:      layout_rooms, chequers_ecumenical_altar_island

Skill      XL: |  1  2 |
---------------+-------+-----
Stealth        | 1 2 |  2.6
Dodging        | 3 |  3.2
Fighting       | |  1.5
Unarmed Combat | |  3.2
Spellcasting   | |  2.3
Transmutations | |  2.6

Action                   || total
-------------------------++-------
Melee: Unarmed           ||    64
       Bite              ||     3
       Punch             ||     1
       Headbutt          ||     2
 Cast: Beastly Appendage ||     6
       Sticks to Snakes  ||     9
 Stab: Sleeping          ||    12
  Eat: Chunk             ||    10
Armor: Skin              ||     6
Dodge: Dodged            ||    58
